 Dungeon Crawl Stone Soup version 0.26-a0-1033-gd598b01645 (webtiles) character file.

Game seed: 4116062214343112911

14964 Morbidden the Destroyer (level 11, -3/83 HPs)
             Began as a Demonspawn Conjurer on Dec 9, 2020.
             Was an Elder of Vehumet.
             Hit by a large rock thrown by a cyclops (20 damage)
             ... on level 11 of the Dungeon on Dec 10, 2020.
             The game lasted 00:24:29 (13368 turns).

Morbidden the Destroyer (Demonspawn Conjurer)      Turns: 13368, Time: 00:24:29

Health: -3/83      AC: 13    Str:  7    XL:     11   Next: 95%
Magic:  0/33       EV: 18    Int: 23    God:    Vehumet [****..]
Gold:   173        SH:  0    Dex: 12    Spells: 14/28 levels left

rFire    . . .     SeeInvis .     - Unarmed
rCold    . . .     Faith    .   (no shield)
rNeg     . . .     Spirit   +   v - +0 leather armour
rPois    .         Reflect  .   n - +2 helmet
rElec    +         Harm     .   L - +0 cloak of Sandy Freedom {Slay+3}
rCorr    .         Rampage  .   (gloves unavailable)
Will     .....                  H - +0 pair of boots
Stlth    ++........             c - amulet of guardian spirit
HPRegen  0.23/turn              f - ring of magical power
MPRegen  0.23/turn              N - +4 ring of evasion

@: barbed spikes
A: claws 3, thin metallic scales 3, demonic guardian 1, spiny 1
a: Renounce Religion


You were on level 11 of the Dungeon.
You worshipped Vehumet.
Vehumet was greatly pleased with you.
You visited 1 branch of the dungeon, and saw 11 of its levels.

You collected 660 gold pieces.
You spent 487 gold pieces at shops.

Inventory:

Hand Weapons
 q - a +2 short sword of flaming
 s - a +4 dagger of venom
Missiles
 I - 26 poisoned darts
Armour
 n - a +2 helmet (worn)
 p - a +0 pair of gloves
 v - a +0 leather armour (worn)
 H - a +0 pair of boots (worn)
 L - the +0 cloak of Sandy Freedom (worn) {Slay+3}
   (You bought it in a shop on level 6 of the Dungeon)

   It affects your accuracy and damage with ranged weapons and melee attacks
   (+3).
Jewellery
 c - an amulet of guardian spirit (around neck)
 f - a ring of magical power (left claw)
 y - an uncursed ring of fire
 B - an uncursed ring of protection from fire
 C - an uncursed ring of stealth
 N - a +4 ring of evasion (right claw)
 T - an uncursed ring of ice
Wands
 o - a wand of paralysis (11)
 t - a wand of polymorph (10)
 u - a wand of disintegration (16)
 w - a wand of random effects (40)
 K - a wand of digging (7)
 P - a wand of acid (5)
Scrolls
 e - 7 scrolls of teleportation
 h - 5 scrolls of identify
 A - a scroll of fog
 E - 4 scrolls of amnesia
 F - a scroll of fear {unknown}
 J - a scroll of magic mapping
 M - a scroll of enchant armour
 O - a scroll of acquirement {unknown}
 R - 2 scrolls of remove curse
Potions
 a - 2 potions of might
 b - 2 potions of brilliance {unknown}
 d - 6 potions of heal wounds
 g - 2 potions of magic {unknown}
 i - a potion of invisibility {unknown}
 j - a potion of attraction {unknown}
 k - 2 potions of curing
 l - a potion of berserk rage {unknown}
 m - 2 potions of flight {unknown}
 r - a potion of mutation {unknown}
 x - a potion of lignification {unknown}
 z - 4 potions of degeneration {unknown}
 D - a potion of haste {unknown}
 G - a potion of ambrosia {unknown}
 Q - a potion of resistance {unknown}
 S - a potion of cancellation {unknown}


   Skills:
 * Level 6.9 Fighting
 + Level 3.1 Short Blades
 + Level 1.2 Throwing
 + Level 4.6 Armour
 * Level 6.9 Dodging
 + Level 4.1 Stealth
 + Level 4.6 Unarmed Combat
 * Level 9.0 Spellcasting
 * Level 10.1 Conjurations
 + Level 1.0 Translocations
 + Level 0.6 Ice Magic
 + Level 3.8 Poison Magic


You had 14 spell levels left.
You knew the following spells:

 Your Spells              Type           Power        Failure   Level
a - Iskenderun's Mystic   Conj/Tloc      #####...     2%          4
b - Searing Ray           Conj           ######       1%          2
c - Magic Dart            Conj           ####         1%          1
d - Olgreb's Toxic Radia  Pois           ####....     5%          4
e - Frozen Ramparts       Ice            ##....       5%          3

Your spell library contained the following spells:

 Spells                   Type           Power        Failure   Level
 Dazzling Flash           Conj/Hex       ####..       1%          3
 Fulminant Prism          Conj/Hex       ####......   3%          4


Dungeon Overview and Level Annotations

Branches:
Dungeon (11/15)            Temple (0/1) D:4            Lair (0/6) D:10
    Orc (0/2) D:10

Altars:
Cheibriados
Elyvilon
Hepliaklqana
Makhleb
Okawaru
Qazlal
Ru
Uskayaw
Vehumet
Wu Jian

Shops:
D:4 =   D:6 [[([[   D:7 ![([[   D:9 [


Innate Abilities, Weirdness & Mutations

You have claws for hands.
You are completely covered in thin metallic scales. (AC +4, rElec)
A weak demonic guardian rushes to your aid.
You are partially covered in sharp spines.


Message History

Aiming: Corrosive Bolt
Press: ? - help, Shift-Dir - straight line, f - manticore
Aim: a manticore (severely wounded, 17% to evade)
The bolt of acid hits the manticore!
The manticore is splashed with acid.
The acid corrodes the manticore!
You kill the manticore!
Vehumet accepts your kill.
You feel your power returning.
The cyclops throws a large rock.
The large rock hits you!
* * * LOW HITPOINT WARNING * * *
Your Spellcasting skill increases to level 9!
Unknown command.
Unknown command.
Unknown command.
Unknown command.
Unknown command.
As you read the scroll of fog, it crumbles to dust.
The scroll dissolves into smoke.
The cyclops throws a large rock.
The large rock hits you!!
You die...

#......)..............
#......................
#........##.............
#........##.#####...####
#........##.# ...#
#........##.# ..#
#......§.##.#
##.....§§§#
.......§@§##.#
.......§§§§..#
#......§§.§..#
#............#
#............#
#...†........#
#............C.
#..............
#...####.......


You could see a cyclops.

Vanquished Creatures
  Erolcha (D:10)
  4 death yaks (D:10)
  A manticore (D:11)
  A kobold demonologist (D:8)
  3 trolls
  Prince Ribbit (D:5)
  Sigmund (D:3)
  Grum (D:10)
  A vampire mosquito (D:9)
  A water moccasin (D:10)
  4 orc warriors
  Duvessa (D:7)
  5 sky beasts
  An ice beast (D:11)
  A black bear (D:9)
  A necrophage (D:9)
  8 ogres
  3 phantoms
  4 wolves (D:10)
  5 centaurs
  Blork the orc (D:5)
  15 big kobolds
  8 bullfrogs
  A water moccasin skeleton (D:9)
  Dowan (D:7)
  3 killer bees (D:10)
  3 scorpions
  11 wights
  2 electric eels (D:10)
  2 howler monkeys
  A centaur zombie (D:6)
  A bullfrog zombie (D:7)
  A jelly (D:5)
  4 hounds
  3 centaur skeletons
  2 orc priests (D:6)
  An iguana (D:9)
  5 worker ants
  4 orc wizards
  A hound skeleton (D:5)
  A worker ant zombie (D:6)
  3 gnolls (D:4)
  8 adders
  3 shadow imps
  4 white imps
  3 ufetubi
  An ooze (D:1)
  An adder skeleton (D:4)
  A worm (D:3)
  A dart slug (D:2)
  2 leopard geckos
  21 orcs
  9 bats
  3 giant cockroaches
  11 goblins
  8 hobgoblins
  13 jackals
  7 quokkas
  3 ball pythons
  6 frilled lizards
  27 kobolds
  A quokka skeleton (D:4)
  5 rats
260 creatures vanquished.

Vanquished Creatures (collateral kills)
  Fannar (D:10)
  2 two-headed ogres (D:9)
  2 death yaks (D:10)
  Eustachio (D:5)
  A steam dragon (D:9)
  An ice beast (D:11)
  A phantom (D:9)
  A bullfrog (D:9)
  A killer bee (D:10)
  A wight (D:9)
  A hound (D:5)
  Ijyb (D:3)
  An adder (D:8)
  A gnoll (D:4)
  An ufetubus (D:5)
  A leopard gecko (D:8)
  2 orcs (D:3)
  A jackal (D:4)
21 creatures vanquished.

Vanquished Creatures (others)
  11 plants (D:10)
11 creatures vanquished.

Grand Total: 292 creatures vanquished

Notes
Turn   | Place    | Note
-------+----------+-------------------------------------------
     0 | D:1      | Morbidden the Demonspawn Conjurer began the quest for the
                  | Orb.
     0 | D:1      | Reached XP level 1. HP: 13/13 MP: 3/3
   696 | D:2      | Gained mutation: A weak demonic guardian rushes to your
                  | aid. [demonic ancestry]
   696 | D:2      | Reached XP level 2. HP: 20/20 MP: 3/5
  1024 | D:2      | Learned a level 2 spell: Searing Ray
  1789 | D:1      | Gained mutation: You are partially covered in thin metallic
                  | scales. (AC +2) [demonic ancestry]
  1789 | D:1      | Reached XP level 3. HP: 25/25 MP: 1/6
  2261 | D:1      | Reached skill level 1 in Fighting
  2888 | D:3      | Found a stormy altar of Qazlal.
  2888 | D:3      | Found a snail-covered altar of Cheibriados.
  2896 | D:3      | Found an ornate altar of the Wu Jian Council.
  2898 | D:3      | Found a radiant altar of Vehumet.
  2912 | D:3      | Became a worshipper of Vehumet
  2965 | D:3      | Gained mutation: You are mostly covered in thin metallic
                  | scales. (AC +3) [demonic ancestry]
  2965 | D:3      | Reached XP level 4. HP: 32/32 MP: 4/7
  3020 | D:3      | Noticed Sigmund
  3759 | D:3      | Found a hide-covered altar of Uskayaw.
  3889 | D:3      | Killed Sigmund
  3890 | D:3      | Reached skill level 5 in Conjurations
  3890 | D:3      | Gained mutation: You have sharp fingernails. [demonic
                  | ancestry]
  3890 | D:3      | Reached XP level 5. HP: 37/37 MP: 0/9
  4110 | D:3      | Noticed Ijyb
  4131 | D:3      | Killed Ijyb
  4322 | D:4      | Gained mutation: You are partially covered in sharp spines.
                  | [demonic ancestry]
  4322 | D:4      | Reached XP level 6. HP: 43/43 MP: 7/10
  4468 | D:4      | Reached * piety under Vehumet
  4468 | D:4      | Offered knowledge of Freeze by Vehumet.
  4597 | D:4      | Found Omegihoi's Jewellery Shop.
  5283 | D:4      | Reached skill level 1 in Armour
  5369 | D:4      | Found a staircase to the Ecumenical Temple.
  5410 | D:5      | Entered Level 5 of the Dungeon
  5447 | D:5      | Noticed Blork the orc
  5451 | D:5      | Killed Blork the orc
  5452 | D:5      | Gained mutation: You are completely covered in thin
                  | metallic scales. (AC +4, rElec) [demonic ancestry]
  5452 | D:5      | Reached XP level 7. HP: 50/50 MP: 6/13
  5552 | D:5      | Noticed Prince Ribbit
  5726 | D:5      | Reached skill level 1 in Short Blades
  5726 | D:5      | Reached skill level 1 in Unarmed Combat
  5727 | D:5      | Reached skill level 6 in Conjurations
  5758 | D:4      | Bought an uncursed ring of magical power for 240 gold
                  | pieces
  5949 | D:5      | Found a hazy altar of Hepliaklqana.
  5955 | D:5      | Killed Prince Ribbit
  5956 | D:5      | Reached XP level 8. HP: 57/57 MP: 14/14
  6063 | D:5      | Noticed Eustachio
  6071 | D:5      | Killed Eustachio
  6511 | D:6      | Found Ewuedics's Antique Armour Emporium.
  6709 | D:6      | Found Aliyshio's Armour Emporium.
  6770 | D:6      | Reached skill level 5 in Spellcasting
  6800 | D:6      | Found Roegh's Antique Armour Shop.
  6802 | D:6      | Found Vimpestri's Armour Shoppe.
  6942 | D:6      | Found an iron altar of Okawaru.
  7089 | D:6      | Found a burning altar of Makhleb.
  7173 | D:6      | Got a crude scale mail
  7184 | D:6      | Identified the cursed +1 scale mail "Eqeq" {-Cast +Inv
                  | Int+8 Dex+4} (You found it on level 6 of the Dungeon)
  7244 | D:6      | Found Iciyluc's Weapon Boutique.
  7376 | D:7      | Found Viur's Armour Emporium.
  7430 | D:7      | Reached skill level 7 in Conjurations
  7438 | D:7      | Reached ** piety under Vehumet
  7438 | D:7      | Offered knowledge of Foxfire by Vehumet.
  7499 | D:7      | Found Laew's Weapon Emporium.
  7544 | D:7      | Found a sacrificial altar of Ru.
  7648 | D:7      | Reached XP level 9. HP: 65/65 MP: 17/17
  7651 | D:7      | Found Bacapsak's Antique Armour Boutique.
  7792 | D:7      | Found Dukaad's Distillery.
  7816 | D:7      | Got an iridescent hunting sling
  7920 | D:7      | Noticed Dowan
  7921 | D:7      | Identified the +4 hunting sling of Kabonets {vorpal, +Blink
                  | +Fly} (You found it on level 7 of the Dungeon)
  7924 | D:7      | Noticed Duvessa
  7935 | D:7      | Killed Dowan
  7939 | D:7      | Killed Duvessa
  8030 | D:7      | Found Yrilioh's Armour Emporium.
  8692 | D:8      | Noticed a kobold demonologist
  8720 | D:8      | Killed a kobold demonologist
  8744 | D:8      | Offered knowledge of Mephitic Cloud by Vehumet.
  8749 | D:8      | Reached skill level 8 in Conjurations
  8913 | D:8      | Reached skill level 5 in Dodging
  9200 | D:8      | Found a white marble altar of Elyvilon.
  9366 | D:8      | Learned a level 4 spell: Iskenderun's Mystic Blast
  9380 | D:9      | Reached *** piety under Vehumet
  9552 | D:9      | Gained mutation: You have very sharp fingernails. [demonic
                  | ancestry]
  9552 | D:9      | Reached XP level 10. HP: 69/73 MP: 19/19
  9954 | D:6      | Bought a transparent cloak for 247 gold pieces
  9959 | D:6      | Identified the +0 cloak of Sandy Freedom {Slay+3} (You
                  | bought it in a shop on level 6 of the Dungeon)
 10178 | D:9      | Reached skill level 5 in Fighting
 10372 | D:9      | Found Baiguin's Armour Shop.
 10496 | D:9      | Offered knowledge of Olgreb's Toxic Radiance by Vehumet.
 10525 | D:9      | Learned a level 4 spell: Olgreb's Toxic Radiance
 10688 | D:9      | Noticed a two-headed ogre
 10698 | D:9      | Killed a two-headed ogre
 10699 | D:9      | Reached skill level 1 in Poison Magic
 10979 | D:9      | Reached skill level 1 in Throwing
 10979 | D:9      | Noticed a two-headed ogre
 10997 | D:9      | Killed a two-headed ogre
 10998 | D:9      | Reached skill level 9 in Conjurations
 11504 | D:10     | Entered Level 10 of the Dungeon
 11545 | D:10     | Reached **** piety under Vehumet
 11549 | D:10     | Gained mutation: You have claws for hands. [demonic
                  | ancestry]
 11549 | D:10     | Reached XP level 11. HP: 76/81 MP: 22/22
 11610 | D:10     | Noticed a death yak
 11611 | D:10     | Found a staircase to the Lair.
 11612 | D:10     | Noticed a death yak
 11612 | D:10     | Noticed a death yak
 11612 | D:10     | Noticed a death yak
 11612 | D:10     | Noticed a death yak
 11618 | D:10     | Noticed a death yak
 11627 | D:10     | Killed a death yak
 11654 | D:10     | Killed a death yak
 11655 | D:10     | Reached skill level 1 in Translocations
 11673 | D:10     | Killed a death yak
 11673 | D:10     | Offered knowledge of Frozen Ramparts by Vehumet.
 11707 | D:10     | Learned a level 3 spell: Frozen Ramparts
 11735 | D:10     | Noticed Grum
 11749 | D:10     | Killed Grum
 11930 | D:10     | Killed a death yak
 11936 | D:10     | Killed a death yak
 11941 | D:10     | Killed a death yak
 12047 | D:10     | Noticed Erolcha
 12058 | D:10     | Killed Erolcha
 12406 | D:10     | Noticed Fannar
 12425 | D:10     | Killed Fannar
 12426 | D:10     | Reached skill level 10 in Conjurations
 12829 | D:10     | Found a staircase to the Orcish Mines.
 13208 | D:10     | Upgraded the game from 0.26-a0-1025-g006ef2cfcc to
                  | 0.26-a0-1033-gd598b01645
 13368 | D:11     | Hit by a large rock thrown by a cyclops

Illustrated notes

Levels and vault maps discovered:
D:1:      dpeg_arrival_round_a, layout_rooms, minmay_misc_feat_doors,
          minivault_19
D:2:      layout_basic, minmay_pentomino_s2
D:3:      layout_rooms, eat_drink_and_be_merry_uskayaw,
          grunt_temple_overflow_open, serial_glass, glass_columns_a,
          glass_columns_b, chequers_serial_rivers_micro_d, uniq_ijyb,
          uniq_sigmund
D:4:      layout_basic, minmay_temple_entry_fiery, serial_shops, shop_coins
D:5:      layout_rooms, old_standard_altar, uniq_prince_ribbit1,
          uniq_blork_the_orc, uniq_eustachio
D:6:      layout_loops_cross, bloody_makhleb, serial_glass, glass_columns_b,
          glass_columns_b, serial_shops, kennysheep_mini_moat, shop, shop,
          nicolae_shop_waterfront, nicolae_shop_statue_plus,
          kennysheep_okawaru_gauntlet
D:7:      layout_basic, nicolae_overflow_crystal_walls, serial_shops, shop,
          nicolae_shop_temple_entry_statues_fountains, shop, shop, shop,
          uniq_duvessa
D:8:      layout_loops_cross, elyvilon_altar_3, special_room
          [special_room_kobold]
D:9:      minmay_quarter_circles, layout_cave_pods, serial_shops,
          kennysheep_mini
D:10:     layout_basic, dpeg_lair_monsters, orc_0_dummy,
          minmay_misc_feat_rugged, serial_bayou_lake_a, uniq_fannar,
          uniq_erolcha, uniq_grum
D:11:     lemuel_ogre_cave, layout_long_grid, nicolae_wwwww

Skill      XL: |  1  2  3  4  5  6  7  8  9 10 11 |
---------------+----------------------------------+-----
Stealth        | 2 3 4 |  4.1
Dodging        | 2 3 4 5 6 |  6.9
Fighting       | 1 2 3 4 5 6 |  6.9
Spellcasting   | 3 4 5 6 7 9 |  9.0
Conjurations   | 5 6 7 8 9 10 | 10.1
Armour         | 1 2 3 4 |  4.6
Short Blades   | 1 3 |  3.1
Unarmed Combat | 1 2 3 4 |  4.6
Poison Magic   | 2 3 |  3.8
Throwing       | 1 |  1.2
Translocations | 1 |  1.0
Ice Magic      | |  0.6

Action                   |  1- 3 |  4- 6 |  7- 9 | 10-12 || total
-------------------------+-------+-------+-------+-------++-------
Melee: Unarmed           |    19 |    57 |    36 |   147 ||   259
       Short sword       |    33 |     9 |       |       ||    42
       Dagger            |       |       |    76 |       ||    76
       Punch             |       |       |       |     3 ||     3
Throw: Dart              |       |       |       |     5 ||     5
 Cast: Magic Dart        |    82 |    29 |    76 |    20 ||   207
       Searing Ray       |     2 |    17 |    34 |    27 ||    80
       Iskenderun's Myst |       |       |       |    20 ||    20
       Olgreb's Toxic Ra |       |       |       |    20 ||    20
       Frozen Ramparts   |       |       |       |     5 ||     5
Evoke: Wand              |       |       |       |     1 ||     1
  Use: Scroll            |       |       |    11 |     1 ||    12
 Stab: Sleeping          |     1 |       |     3 |     1 ||     5
       Distracted        |       |     1 |       |     1 ||     2
Armor: Robe              |    16 |    13 |       |       ||    29
       Leather armour    |       |     8 |    39 |    57 ||   104
       Scale mail        |       |       |    41 |       ||    41
Dodge: Dodged            |    47 |    44 |    80 |   196 ||   367

Table legend: (Time is in decaauts)
 A = Elapsed time spent in this place.
 B = Non-inter-level travel time spent in this place.
 C = Inter-level travel time spent in this place.
 D = Time resting spent in this place.
 E = Time spent auto-exploring this place.
 F = Levels seen in this place.
 G = Mean time per level.
                   A        B        C        D        E       F      G
               +--------+--------+--------+--------+--------+-----+--------+
         Total |  13386 |  12758 |    628 |   1764 |   8966 |  11 | 1216.9 |
       Dungeon |  13386 |  12758 |    628 |   1764 |   8966 |  11 | 1216.9 |
               +--------+--------+--------+--------+--------+-----+--------+

Top non-repeatable levels by time:
     D:2: 2004 daAuts
     D:9: 1970 daAuts
    D:10: 1802 daAuts
     D:3: 1300 daAuts
     D:1: 1223 daAuts
     D:4: 1193 daAuts
     D:8: 1027 daAuts
     D:7: 1007 daAuts
     D:6: 978 daAuts
     D:5: 794 daAuts
    D:11: 83 daAuts
